 Dungeon Crawl Stone Soup version 0.32-a0-520-g344ed53f66 (webtiles) character file.

Game seed: 12913069666811114060

450 Sanktem7 the Chopper (level 6, -1/56 HPs)
             Began as a Minotaur Fighter on Feb 28, 2024.
             Slain by an orc priest
             ... wielding a +0 hand axe
              (4 damage)
             ... on level 4 of the Dungeon.
             The game lasted 00:04:19 (2859 turns).

Sanktem7 the Chopper (Minotaur Fighter)             Turns: 2859, Time: 00:04:20

Health: -1/56      AC:  7    Str: 23    XL:     6   Next: 74%
Magic:  5/5        EV:  9    Int:  5    God:
Gold:   250        SH:  4    Dex:  9    Spells: 5/5 levels left

rFire   . . .        a - +0 war axe {axe}
rCold   . . .        c - +0 buckler
rNeg    . . .        b - +0 scale mail
rPois   .            (helmet restricted)
rElec   .            (no cloak)
rCorr   .            (no gloves)
SInv    .            (no boots)
Will    .....        (no amulet) Stlth
                     (no ring)
HPRegen 0.29/turn    (no ring)
MPRegen 0.09/turn

%: no passive effects
@: no status effects
A: horns 2, retaliatory headbutt
a: Convert to Beogh


You were on level 4 of the Dungeon.
You visited 1 branch of the dungeon, and saw 4 of its levels.

You collected 250 gold pieces.


Innate Abilities, Weirdness & Mutations

You have a pair of horns on your head.
You reflexively headbutt those who attack you in melee.


   Skills:
 + Level 5.2 Fighting
 * Level 5.8 Axes
 + Level 5.2 Armour
 + Level 5.3 Shields


You had 5 spell levels left.
You didn't know any spells.
Your spell library contained the following spells:

 Spells                   Type           Power      Damage    Failure   Level
 Summon Forest            Summ/Tloc      0%         N/A       100%        5
 Eringya's Noxious Bog    Alch           0%         4d6       100%        6
 Summon Hydra             Summ           0%         N/A       100%        7

Inventory:

Hand Weapons
 a - a +0 war axe (weapon) {axe}
Missiles
 f - 29 stones (quivered) {throwing}
 m - 6 poisoned darts {throwing}
Armour
 b - a +0 scale mail (worn)
 c - a +0 buckler (worn)
Jewellery
 s - a ring of resist corrosion
   (You found it on level 4 of the Dungeon)
Wands
 t - a wand of flame (10)
   (You found it on level 4 of the Dungeon)
Scrolls
 e - 4 scrolls of immolation {unknown}
 g - a scroll of fog {unknown}
 h - 4 scrolls of identify {unknown}
 i - 4 scrolls of enchant armour {unknown}
 k - 5 scrolls of teleportation {unknown}
 l - a scroll of silence {unknown}
 n - a scroll of poison {unknown}
 q - a scroll of amnesia {unknown}
 u - a scroll of brand weapon {unknown}
Potions
 d - a potion of might
 j - a potion of lignification {unknown}
 o - 2 potions of mutation {unknown}
 p - a potion of berserk rage {unknown}
 r - 2 potions of curing {unknown}

Dungeon Overview and Level Annotations

Branches:
Dungeon (4/15) Zot: 21090
 Temple: D:4-7

Altars:
Cheibriados
Nemelex Xobeh

#.....##
#.....##
#......#
#####......##
#..#........#
#..........#
#.#..#......#
# #..##..#..#
##@)##..###
#o)##...#
#..###...#
#... #...#
#...# ...#
#.... .....#
.... ...###
... ####ß.


You could see an orc priest.


Message History

No target in view!
No target in view!
No target in view!
No target in view!
No target in view!
u - a scroll labelled GIAT ACEROIGG You see here a +0 club {mace}.
An orc and an orc wizard come into view.
The orc shouts!
You hear a shout! x2
An orc comes into view. It is wielding a +0 whip.
The orc wizard points at you and mumbles some strange words.
The puff of flame hits you! 😕 HP[-10]
You take 10 damage, and now have 46/56 hp.
There are monsters nearby!
There are monsters nearby!
There are monsters nearby!
There are monsters nearby!
An orc priest comes into view. It is wielding a +0 hand axe.
The orc wizard casts a spell at you. The magic dart hits you. 😮 HP[-4]
You take 4 damage, and now have 42/56 hp.
You are too injured to fight recklessly!
You are too injured to fight recklessly!
You are too injured to fight recklessly!
You are too injured to fight recklessly!
You are too injured to fight recklessly!
You are too injured to fight recklessly!
You are too injured to fight recklessly!
You are too injured to fight recklessly!
You are too injured to fight recklessly!
You are too injured to fight recklessly!
You are too injured to fight recklessly!
You are too injured to fight recklessly!
You are too injured to fight recklessly!
You are too injured to fight recklessly!
You are too injured to fight recklessly!
You are too injured to fight recklessly!
You are too injured to fight recklessly!
You are too injured to fight recklessly!
You are too injured to fight recklessly!
You are too injured to fight recklessly!
You are too injured to fight recklessly!
You are too injured to fight recklessly!
You are too injured to fight recklessly!
You are too injured to fight recklessly!
You are too injured to fight recklessly!
You are too injured to fight recklessly!
You are too injured to fight recklessly!
The orc wizard gestures wildly while chanting.
The orc wizard flickers and vanishes!
Deactivating autopickup; reactivate with Ctrl-A.
The orc priest looks braver for a moment.
You slash something! Your headbutt misses something. You hit the orc.
You barely miss the orc. The orc barely misses you.
Something completely misses you. The orc closely misses you.
You block the orc's attack. Something hits you but does no damage.
The orc hits you but does no damage. 😕 HP[+1]
You closely miss something. You hit the orc but do no damage.
You slash the orc!
You kill the orc!
The orc hits you with a +0 dagger.
The orc priest casts a cantrip, but nothing happens.
Something hits you but does no damage. 😮 HP[-3]
You take 3 damage, and now have 40/56 hp.
You slash something!
Reactivating autopickup.
You feel a bit more experienced.
You hit the orc. The orc closely misses you.
You slash the orc priest! You hit the orc but do no damage.
The orc barely misses you.
The orc priest closely misses you. 😮 HP[+1]
You closely miss the orc priest. You hit the orc.
You kill the orc!
The orc priest invokes the aid of Beogh against you.
Beogh smites you! 😮 HP[-11]
You take 11 damage, and now have 30/56 hp.
You closely miss the orc priest.
You headbutt the orc priest, but do no damage.
The orc priest threatens, "Beogh's wrath is as vast as their mercy.
Make your choice!"
The orc priest hits you with a +0 hand axe.
* * * LOW HITPOINT WARNING * * *
The orc priest calls down the wrath of Beogh upon you.
Beogh smites you!
* * * LOW HITPOINT WARNING * * *
😱 HP[-17]
You take 17 damage, and now have 13/56 hp.
MASSIVE DAMAGE!! (PAUSE)
You closely miss the orc priest. Your headbutt misses the orc priest.
The orc priest mumbles some strange prayers to Beogh against you.
Beogh smites you!
* * * LOW HITPOINT WARNING * * *
😱 HP[-10]
You take 10 damage, and now have 3/56 hp.
You closely miss the orc priest.
The orc priest hits you with a +0 hand axe.
You die...

Skill      XL: |  1  2  3  4  5  6 |
---------------+-------------------+-----
Axes           | 3 4 5 |  5.8
Shields        | 4 5 |  5.3
Fighting       | 4 5 |  5.2
Armour         | 4 5 |  5.2

Action                     |  1- 3 |  4- 6 || total
---------------------------+-------+-------++-------
  Melee: War axe           |    59 |    94 ||   153
         Headbutt          |    10 |    14 ||    24
 Armour: Scale mail        |    48 |    62 ||   110
  Dodge: Dodged            |    32 |    51 ||    83
         Repelled          |     1 |       ||     1
  Block: Buckler           |    13 |    23 ||    36

Levels and vault maps discovered:
D:1:      minmay_arrival_cross, layout_basic, dk_noncrumbling_2
D:2:      layout_rooms
D:3:      layout_loops_ring
D:4:      layout_layer_cave, jmf_multi_god_temple, lemuel_temple_firewalk_b

Notes
Turn   | Place    | Note
-------+----------+-------------------------------------------
     0 | D:1      | Sanktem7 the Minotaur Fighter began the quest for the Orb.
     0 | D:1      | Reached XP level 1. HP: 19/19 MP: 0/0
     0 | D:1      | magus.rc [v1.9.6]
   159 | D:1      | Reached XP level 2. HP: 27/27 MP: 1/1
   227 | D:1      | Reached skill level 3 in Axes
   692 | D:1      | Reached skill level 4 in Shields
   777 | D:2      | Reached XP level 3. HP: 33/33 MP: 2/2
   778 | D:2      | Reached skill level 4 in Fighting
   797 | D:2      | Reached skill level 4 in Armour
   809 | D:2      | Reached XP level 4. HP: 40/40 MP: 3/3
   850 | D:2      | Reached skill level 4 in Axes
  1284 | D:3      | Reached XP level 5. HP: 29/47 MP: 4/4
  1554 | D:3      | You add the spells Summon Forest, Eringya's Noxious Bog and
                  | Summon Hydra to your library.
  1956 | D:4      | Noticed a black bear
  1964 | D:4      | Killed a black bear
  1965 | D:4      | Reached skill level 5 in Axes
  2089 | D:4      | Reached XP level 6. HP: 52/55 MP: 5/5
  2238 | D:4      | Reached skill level 5 in Fighting
  2238 | D:4      | Reached skill level 5 in Armour
  2238 | D:4      | Reached skill level 5 in Shields
  2664 | D:4      | Found a sparkling altar of Nemelex Xobeh.
  2668 | D:4      | Found a snail-covered altar of Cheibriados.
  2857 | D:4      | HP: 13/56 [orc priest/divine providence (12)]
  2858 | D:4      | HP: 3/56 [orc priest/divine providence (11)]
  2859 | D:4      | Slain by an orc priest

Vanquished Creatures
  2 black bears (D:4)
  A scorpion (D:4)
  A bombardier beetle (D:2)
  An orc priest (D:3)
  An iguana (D:2)
  An orc wizard (D:4)
  2 adders (D:2)
  2 dart slugs
  A ribbon worm (D:3)
  5 orcs
  3 bats
  3 endoplasms
  5 giant cockroaches
  7 goblins
  6 hobgoblins
  3 jackals (D:1)
  5 quokkas
  9 ball pythons
  6 frilled lizards
  6 kobolds
  5 rats
75 creatures vanquished.

Table legend:
 A = Non-vault XP
 B = Vault XP
 C = Vault XP percentage of total XP
 D = Non-vault monster count
 E = Vault monster count
 F = Vault count percentage of total count
                 A         B        C        D         E       F
            +---------+---------+-------+---------+---------+-------
      Total |     639 |       4 |   0.6 |      73 |       2 |   2.7
            +---------+---------+-------+---------+---------+-------
        D:1 |      39 |       0 |   0.0 |      21 |       0 |   0.0
        D:2 |     131 |       0 |   0.0 |      18 |       0 |   0.0
        D:3 |      74 |       0 |   0.0 |      18 |       0 |   0.0
        D:4 |     395 |       4 |   1.0 |      16 |       2 |  11.1
            +---------+---------+-------+---------+---------+-------

Skill      XL: |  1  2  3  4  5  6 |
---------------+-------------------+-----
Axes           | 3 4 5 |  5.8
Shields        | 4 5 |  5.3
Fighting       | 4 5 |  5.2
Armour         | 4 5 |  5.2

Action                     |  1- 3 |  4- 6 || total
---------------------------+-------+-------++-------
  Melee: War axe           |    59 |    94 ||   153
         Headbutt          |    10 |    14 ||    24
 Armour: Scale mail        |    48 |    62 ||   110
  Dodge: Dodged            |    32 |    51 ||    83
         Repelled          |     1 |       ||     1
  Block: Buckler           |    13 |    23 ||    36

Illustrated notes

Table legend:
 A = Kills in this place as a percentage of kills in the entire game.
 B = Kills by you in this place as a percentage of kills by you in the entire game.
 C = Kills by friends in this place as a percentage of kills by friends in the entire game.
 D = Other kills in this place as a percentage of other kills in the entire game.
 E = Experience gained in this place as a percentage of experience gained in the entire game.
 F = Experience gained in this place divided by the number of levels of this place that you have seen.
                   A       B       C       D       E      F
               +-------+-------+-------+-------+-------+----------------------
         Total | 100.0 | 100.0 |   N/A |   N/A | 100.0 | 160.8
       Dungeon | 100.0 | 100.0 |   N/A |   N/A | 100.0 | 160.8
               +-------+-------+-------+-------+-------+----------------------

Table legend: (Time is in decaauts)
 A = Elapsed time spent in this place.
 B = Non-inter-level travel time spent in this place.
 C = Inter-level travel time spent in this place.
 D = Time resting spent in this place.
 E = Time spent auto-exploring this place.
 F = Levels seen in this place.
 G = Mean time per level.
                   A        B        C        D        E       F      G
               +--------+--------+--------+--------+--------+-----+--------+
         Total |   2908 |   2859 |     49 |      0 |   2435 |   4 |  727.0 |
       Dungeon |   2908 |   2859 |     49 |      0 |   2435 |   4 |  727.0 |
               +--------+--------+--------+--------+--------+-----+--------+

Top non-repeatable levels by time:
     D:4: 950 daAuts
     D:1: 788 daAuts
     D:3: 751 daAuts
     D:2: 417 daAuts
